 Dungeon Crawl Stone Soup version 0.29-a0-925-g0a7a3d12f8 (webtiles) character file.

Game seed: 17439646688438637087

717 greasedhog the Shooter (level 7, 0/40 HPs)
             Began as a Gargoyle Hunter on July 29, 2022.
             Was an Initiate of Okawaru.
             Slain by Blork the orc
             ... wielding a +0 dire flail
              (7 damage)
             ... on level 5 of the Dungeon.
             The game lasted 00:07:01 (4339 turns).

greasedhog the Shooter (Gargoyle Hunter)            Turns: 4339, Time: 00:07:02

Health: 0/40       AC:  7    Str: 15    XL:     7   Next: 70%
Magic:  7/7        EV: 13    Int:  9    God:    Okawaru [......]
Gold:   56         SH:  0    Dex: 15    Spells: 6/6 levels left

rFire   . . .      SeeInvis .   l - +1 sling (vorpal)
rCold   . . .      Faith    .   (no shield)
rNeg    + . .      Spirit   .   c - +0 leather armour
rPois   ∞          Reflect  .   (no helmet)
rElec   +          Harm     .   (no cloak)
rCorr   .          Rampage  .   (no gloves)
Will    .....                   (no boots)
Stlth   +.........              (no amulet)
HPRegen 0.13/turn               (no ring)
MPRegen 0.10/turn               (no ring)

@: silenced
A: sickness immunity, AC +4, negative energy resistance 1, electricity
resistance, torment resistance 1, petrification resistance
a: Renounce Religion


You were on level 5 of the Dungeon.
You worshipped Okawaru.
Okawaru was noncommittal.
You visited 2 branches of the dungeon, and saw 6 of its levels.

You collected 191 gold pieces.
You spent 135 gold pieces at shops.

Inventory:

Hand Weapons
 a - a +0 shortbow
 l - a +1 vorpal sling (weapon)
 m - a +1 whip of flaming
Missiles
 d - a throwing net
Armour
 c - a +0 leather armour (worn)
Jewellery
 o - a +4 ring of slaying
 y - a ring of protection from fire
Scrolls
 b - 2 scrolls of immolation
 i - a scroll of blinking
 k - 3 scrolls of enchant weapon
 n - 2 scrolls of enchant armour
 q - a scroll of silence
 t - a scroll of magic mapping
 v - a scroll of torment {unknown}
 x - a scroll of identify
 z - a scroll of fear {unknown}
Potions
 e - a potion of curing
 f - 2 potions of cancellation
 g - a potion of flight {unknown}
 h - 2 potions of lignification {unknown}
 j - 3 potions of brilliance {unknown}
 p - 2 potions of mutation {unknown}
 r - a potion of degeneration {unknown}
 s - a potion of attraction {unknown}
 u - a potion of magic {unknown}
 w - 2 potions of heal wounds {unknown}
 A - a potion of haste {unknown}


   Skills:
 - Level 2.1 Fighting
 * Level 7.1 Ranged Weapons
 * Level 0.1 Armour
 - Level 5.0 Dodging
 - Level 1.1 Stealth


You had 6 spell levels left.
You didn't know any spells.
Your spell library contained the following spells:

 Spells                   Type           Power      Damage    Failure   Level
 Magic Dart               Conj           0%         1d3       45%         1
 Blink                    Tloc           0%         N/A       58%         2
 Gell's Gravitas          Tloc           0%         N/A       83%         3
 Lesser Beckoning         Tloc           0%         N/A       83%         3
 Mephitic Cloud           Conj/Pois/Air  0%         N/A       83%         3
 Teleport Other           Tloc           0%         N/A       83%         3
 Manifold Assault         Tloc           0%         N/A       100%        5
 Dispersal                Tloc           0%         N/A       100%        6
 Call Imp                 Summ           Unusable   N/A       N/A         2

Dungeon Overview and Level Annotations

Branches:
Dungeon (5/15)             Temple (1/1) D:4

Altars:
Ashenzari
Cheibriados
Dithmenos
Fedhas
Hepliaklqana
Kikubaaqudgha
Makhleb
Okawaru
Qazlal
Sif Muna
Trog
Uskayaw
Vehumet
Xom
Zin
The Shining One

Shops:
D:3 ?

Annotations:
D:3 2 transporters
D:5 Blork the orc, Ijyb


Innate Abilities, Weirdness & Mutations

You are immune to sickness and miasma.
Your stone body is resilient. (AC +4)
You are immune to poison.
You resist negative energy. (rN+)
You are resistant to electric shocks. (rElec)
You are resistant to unholy torment.
You are immune to petrification.


Message History

Blork the orc is lightly wounded.
Blork the orc gestures at you while chanting.
The puff of frost hits you.
You shoot a sling bullet. The sling bullet hits Blork the orc.
Blork the orc is moderately wounded.
You shoot a sling bullet.
The sling bullet closely misses Blork the orc.
Blork the orc gestures wildly while chanting.
Blork the orc seems to speed up.
Blork the orc points at you and mumbles some strange words.
The magic dart hits you!
You shoot a sling bullet.
The sling bullet barely misses Blork the orc.
Ijyb the Twisted Goblin comes into view.
She is wielding a +0 club and carrying a wand of iceblast (10).
Blork the orc gestures at you while chanting.
The puff of flame hits you!
Blork the orc gestures at you while chanting.
The puff of flame hits you.
Blink to where?
Press: ? - help, Dir - move target, p - Blork the orc
As you read the scroll of blinking, it crumbles to dust.
Blork the orc sings a few bars from the Orcish anthem.
You feel better. Blork the orc casts a spell at you.
The puff of frost misses you.
Blork the orc points at you and mumbles some strange words.
The puff of frost hits you.
Okay, then.
Blork the orc gestures at you while chanting.
The magic dart hits you but does no damage.
Blork the orc grins evilly.
As you read the scroll of silence, it crumbles to dust.
A profound silence engulfs you.
Blork the orc hits you with a +0 dire flail!
* * * LOW HITPOINT WARNING * * *
Blork the orc attacks as you move away! Blork the orc barely misses you.
Blork the orc attacks as you move away! Blork the orc closely misses you. x2
Blork the orc attacks as you move away!
Blork the orc hits you with a +0 dire flail!
You die...

#####.# ##.##
#.....########...#
#............#
#.########...#
##.############ #
...#...#....... .
..........# #
#...#....o##### #
##.###....@...# #..
# #.
###..#.....##..# ##
#
#..#.#.#.##..######.
#..... .............
##.#.#. .##..##.###.
.#..... ##..##.# ##
# #.. .# #†.##.####
## .# #.........
##..###...#.####


You could see Blork the orc (fast).

Vanquished Creatures
  A water moccasin (D:4)
  A phantom (D:4)
  A scorpion (D:4)
  2 necrophages
  An iguana (D:4)
  12 gnolls
  6 adders
  2 ufetubi (D:4)
  A worm (D:4)
  2 dart slugs
  2 orcs (D:4)
  5 ball pythons
  11 bats
  6 endoplasms
  3 giant cockroaches
  3 goblins
  9 hobgoblins
  6 jackals
  2 quokkas
  A frilled lizard (D:1)
  5 kobolds
  7 rats
89 creatures vanquished.

Vanquished Creatures (collateral kills)
  A gnoll sergeant (D:4)
1 creature vanquished.

Vanquished Creatures (others)
  A withered plant (D:1)
1 creature vanquished.

Grand Total: 91 creatures vanquished

Notes
Turn   | Place    | Note
-------+----------+-------------------------------------------
     0 | D:1      | greasedhog the Gargoyle Hunter began the quest for the Orb.
     0 | D:1      | Reached XP level 1. HP: 12/12 MP: 1/1
   162 | D:1      | Reached XP level 2. HP: 17/17 MP: 2/2
   176 | D:1      | Found a faded altar of an unknown god.
   981 | D:1      | Reached XP level 3. HP: 21/21 MP: 3/3
  1602 | D:2      | Reached XP level 4. HP: 15/26 MP: 4/4
  1966 | D:2      | Reached skill level 5 in Ranged Weapons
  2493 | D:3      | Found Hepex's Magic Scroll Shoppe.
  2500 | D:3      | Bought a scroll of identify for 20 gold pieces
  2500 | D:3      | Bought a scroll of identify for 20 gold pieces
  2500 | D:3      | Bought a scroll of magic mapping for 75 gold pieces
  2500 | D:3      | Bought a scroll of identify for 20 gold pieces
  2512 | D:3      | Reached XP level 5. HP: 30/30 MP: 5/5
  2652 | D:3      | Found a transporter.
  2659 | D:3      | Found a transporter.
  2659 | D:3      | Noticed a sky beast
  2668 | D:3      | Found an ancient bone altar of Kikubaaqudgha.
  2913 | D:4      | Noticed a phantom
  2947 | D:4      | Killed a phantom
  2948 | D:4      | Reached XP level 6. HP: 33/35 MP: 6/6
  3110 | D:4      | Reached skill level 6 in Ranged Weapons
  3357 | D:4      | Reached XP level 7. HP: 40/40 MP: 7/7
  3671 | D:4      | Found a shimmering blue altar of Sif Muna.
  3983 | D:4      | Found a staircase to the Ecumenical Temple.
  4000 | Temple   | Entered the Ecumenical Temple
  4060 | Temple   | Became a worshipper of Warmaster Okawaru
  4179 | D:5      | Entered Level 5 of the Dungeon
  4208 | D:5      | Reached skill level 7 in Ranged Weapons
  4208 | D:5      | Reached skill level 5 in Dodging
  4309 | D:5      | Noticed Blork the orc
  4313 | D:5      | Noticed Ijyb
  4339 | D:5      | Slain by Blork the orc

Illustrated notes

Levels and vault maps discovered:
D:1:      minmay_arrival_four_houses, layout_basic,
          ebering_ecumenical_altar_petrified
D:2:      layout_rooms
D:3:      layout_basic, gammafunk_temple_overflow_arena, serial_shops,
          nicolae_square_shop
D:4:      layout_basic, mainiacjoe_overflow_chevrons, temple_green
D:5:      layout_loops_ring, serial_shops, shop,
          nicolae_concentric_dashed_squares_wild, uniq_blork_the_orc, uniq_ijyb
Temple:   zaba_magenta_temple

Skill      XL: |  1  2  3  4  5  6  7 |
---------------+----------------------+-----
Dodging        | 2 3 4 5 |  5.0
Ranged Weapons | 5 6 7 |  7.1
Fighting       | |  2.1
Armour         | |  0.1
Stealth        | |  1.1

Action                   |  1- 3 |  4- 6 |  7- 9 || total
-------------------------+-------+-------+-------++-------
Melee: Whip              |       |    32 |    23 ||    55
       Punch             |       |     1 |       ||     1
 Fire: Shortbow          |   111 |       |       ||   111
       Sling             |       |   121 |    70 ||   191
  Use: Scroll            |     2 |     6 |     3 ||    11
       Potion            |     1 |       |     2 ||     3
Armor: Leather armour    |    27 |    27 |    17 ||    71
Dodge: Dodged            |    69 |    44 |    43 ||   156

Table legend: (Time is in decaauts)
 A = Elapsed time spent in this place.
 B = Non-inter-level travel time spent in this place.
 C = Inter-level travel time spent in this place.
 D = Time resting spent in this place.
 E = Time spent auto-exploring this place.
 F = Levels seen in this place.
 G = Mean time per level.
                   A        B        C        D        E       F      G
               +--------+--------+--------+--------+--------+-----+--------+
         Total |   4401 |   4231 |    170 |    584 |   2901 |   6 |  733.5 |
       Dungeon |   4323 |   4174 |    149 |    584 |   2851 |   5 |  864.6 |
        Temple |     77 |     56 |     21 |      0 |     50 |   1 |   77.0 |
               +--------+--------+--------+--------+--------+-----+--------+

Top non-repeatable levels by time:
     D:1: 1473 daAuts
     D:4: 1204 daAuts
     D:3: 756 daAuts
     D:2: 728 daAuts
     D:5: 160 daAuts
  Temple: 77 daAuts
